 Dungeon Crawl Stone Soup version 0.30-a0-311-gf115ab0292 (webtiles) character file.

Game seed: 14965673635434182497

45 Pooter the Digger (level 3, -1/32 HPs)
             Began as a Troll Earth Elementalist on Oct 26, 2022.
             Slain by Crazy Yiuf
             ... wielding a +4 quarterstaff of chaos
              (12 damage)
             ... on level 2 of the Dungeon.
             The game lasted 00:11:52 (1499 turns).

Pooter the Digger (Troll Earth Elementalist)        Turns: 1499, Time: 00:11:53

Health: -1/32      AC:  5    Str: 16    XL:     3   Next: 42%
Magic:  4/4        EV: 10    Int: 13    God:
Gold:   111        SH:  5    Dex: 16    Spells: 1/5 levels left

rFire   . . .      SeeInvis .      - Unarmed
rCold   . . .      Faith    .    (no shield)
rNeg    . . .      Spirit   .    a - +0 robe
rPois   .          Reflect  +    (helmet restricted)
rElec   .          Harm     .    k - +0 cloak
rCorr   .          Rampage  .    (gloves unavailable)
Will    .....                    (boots unavailable)
Stlth   ++........               m - amulet of reflection
HPRegen 1.05/turn                l - +6 ring of dexterity
MPRegen 0.09/turn                (no ring)

@: invisible
A: large, unfitting armour, claws 3, regeneration 1, shaggy fur 1, tough skin 1
a: no special abilities


You were on level 2 of the Dungeon.
You visited 1 branch of the dungeon, and saw 2 of its levels.

You collected 111 gold pieces.

Inventory:

Hand Weapons
 b - a +0 sling
   (You found it on level 1 of the Dungeon)
Missiles
 Q - 20 stones
Armour
 a - a +0 robe (worn)
 k - a +0 cloak (worn)
   (You found it on level 1 of the Dungeon)
Jewellery
 l - a +6 ring of dexterity (left claw)
   (You found it on level 2 of the Dungeon)
 m - an amulet of reflection (around neck)
   (You found it on level 2 of the Dungeon)
Scrolls
 c - a scroll of poison {!r}
 g - a scroll of enchant weapon
 j - a scroll of noise {!r}
 o - a scroll of teleportation {unknown}
Potions
 d - 2 potions of flight
 e - a potion of mutation {unknown}
 f - a potion of ambrosia {unknown}
 h - a potion of magic
 n - a potion of curing {unknown}


   Skills:
 + Level 0.9 Fighting
 - Level 1.5 Dodging
 - Level 1.0 Stealth
 * Level 1.0 Unarmed Combat
 + Level 1.5 Spellcasting
 + Level 0.1 Conjurations
 - Level 1.0 Transmutations
 + Level 3.2 Earth Magic


You had one spell level left.
You knew the following spells:

 Your Spells              Type           Power      Damage    Failure   Level
a - Sandblast             Erth           18%        2d7       7%          1
b - Stone Arrow           Conj/Erth      10%        3d7       38%         3

Your spell library contained the following spells:

 Spells                   Type           Power      Damage    Failure   Level
 Passwall                 Tmut/Erth      5%         N/A       17%         2
 Petrify                  Tmut/Erth      6%         N/A       73%         4
 Animate Armour           Summ/Erth      10%        N/A       80%         4
 Lehudib's Crystal Spear  Conj/Erth      2%         10d2      100%        8


Dungeon Overview and Level Annotations

Branches:
Dungeon (2/15)

Altars:

Annotations:
D:2 Crazy Yiuf


Innate Abilities, Weirdness & Mutations

You are too large for most types of armour.
You have claws for hands.
Your natural rate of healing is unusually fast.
You are covered in fur. (AC +1)
You have tough skin. (AC +1)


Message History

The blast of sand hits the endoplasm!
You kill the endoplasm!
* * * LOW MAGIC WARNING * * *
Found a stone staircase leading down.
You see here a +0 club.
Found 6 stones.
You are now empty-clawed.
b - a +0 sling (weapon)
Q - 15 stones (gained 6)
Things that are here:
a worm corpse; a rat corpse
There is a stone staircase leading up here.
Found a hammer.
Crazy Yiuf shouts!
You open the door.
A kobold comes into view. It is wielding a +0 club.
The kobold shouts!
The kobold throws a stone.
The stone hits you but does no damage.
You shoot a sling bullet. The sling bullet hits the kobold.
You kill the kobold!
There is an open door here.
Q - 20 stones (gained 5)
Things that are here:
a +0 club; a kobold corpse
There is an open door here.
You see here a potion of degeneration {!q}.
You see here a +0 dagger.
There is a stone staircase leading up here.
Item here: a hammer.
The floor.
Unknown command.
You are now empty-clawed.
Here: Crazy Yiuf, wielding a +4 quarterstaff of chaos and wearing a +2 cloak of willpower (fire blocked by a runed translucent door)
The floor.
Unknown command.
Okay, then.
You open the door. You claw Crazy Yiuf!
Crazy Yiuf hits you with a +4 quarterstaff of chaos!
Crazy Yiuf burns you.
You scratch Crazy Yiuf.
Crazy Yiuf hits you with a +4 quarterstaff of chaos!
* * * LOW HITPOINT WARNING * * *
You fade into invisibility!
Unknown command.
You strike the helpless Crazy Yiuf from behind!
You scratch Crazy Yiuf.
There is an open translucent door here.
Crazy Yiuf hits you with a +4 quarterstaff of chaos!
You die...

♣♣...♣ #.#.######### ♣♣.♣♣ #.#.#
#..... ### ♣♣.♣ ##..# #.....
..##### ♣.♣♣ ##.# #..... #.#.#.##
♣♣.♣ ##.#####..... .......# ♣.♣♣
#............ #.#.#>## ##'##
#.#####.##.## .......# #...#
#.#####.##.# #.#.#.## #..@#
#.##.......## .......#### #).g#
#.##.##...... #.#†#.#...# #####
#........#### ####..#.###
#........#### ####..#.######
#..........## #.....)....#.#
#####.##......... #.##..#.##.#.#
#.....#####..#.##
#.##.......#.####.###.#####......
.....##.....†.......#<......##.##


You could see Crazy Yiuf (unable to see you).

Vanquished Creatures
  A worm (D:2)
  5 ball pythons
  5 endoplasms
  A giant cockroach (D:2)
  8 goblins
  4 hobgoblins (D:1)
  5 kobolds
  3 bats
  3 frilled lizards
  3 rats
38 creatures vanquished.

Vanquished Creatures (others)
  A plant (D:2)
1 creature vanquished.

Grand Total: 39 creatures vanquished

Notes
Turn   | Place    | Note
-------+----------+-------------------------------------------
     0 | D:1      | Pooter the Troll Earth Elementalist began the quest for the
                  | Orb.
     0 | D:1      | Reached XP level 1. HP: 16/16 MP: 1/1
   270 | D:1      | Reached XP level 2. HP: 24/24 MP: 0/3
   465 | D:1      | Reached skill level 3 in Earth Magic
   622 | D:2      | Reached skill level 1 in Transmutations
   738 | D:2      | Reached XP level 3. HP: 32/32 MP: 2/4
   852 | D:2      | Learned a level 3 spell: Stone Arrow
  1086 | D:2      | Reached skill level 1 in Unarmed Combat
  1299 | D:2      | Found a runed translucent door.
  1300 | D:2      | Noticed Crazy Yiuf
  1499 | D:2      | Slain by Crazy Yiuf

Illustrated notes

Levels and vault maps discovered:
D:1:      lightli_arrival_chessboard, layout_basic, serial_bayou_pond_a
D:2:      layout_loops_cross, serial_bayou_ford_a, st_stairs_8,
          kennysheep_generic_room_9, uniq_crazy_yiuf_cottage

Skill      XL: |  1  2  3 |
---------------+----------+-----
Earth Magic    | 3 |  3.2
Transmutations | 1 |  1.0
Unarmed Combat | 1 |  1.0
Fighting       | |  0.9
Dodging        | |  1.5
Stealth        | |  1.0
Spellcasting   | |  1.5
Conjurations   | |  0.1

Action                   || total
-------------------------++-------
Melee: Unarmed           ||    36
 Fire: Sling             ||    57
Throw: Stone             ||     1
 Cast: Sandblast         ||    19
  Use: Scroll            ||     5
 Stab: Invisible         ||     1
Armor: Robe              ||    17
Dodge: Dodged            ||    25
Block: Other             ||     1

Table legend: (Time is in decaauts)
 A = Elapsed time spent in this place.
 B = Non-inter-level travel time spent in this place.
 C = Inter-level travel time spent in this place.
 D = Time resting spent in this place.
 E = Time spent auto-exploring this place.
 F = Levels seen in this place.
 G = Mean time per level.
                   A        B        C        D        E       F      G
               +--------+--------+--------+--------+--------+-----+--------+
         Total |   1526 |   1526 |      0 |     43 |   1166 |   2 |  763.0 |
       Dungeon |   1526 |   1526 |      0 |     43 |   1166 |   2 |  763.0 |
               +--------+--------+--------+--------+--------+-----+--------+

Top non-repeatable levels by time:
     D:2: 995 daAuts
     D:1: 530 daAuts
